 Dungeon Crawl Stone Soup version 0.31-a0-174-g85c54bcb58 (webtiles) character file.

Game seed: 13025854914441143043

56 qw the Shooter (level 3, -3/32 HPs)
             Began as a Naga Hunter on June 15, 2023.
             Killed by nerve-wracking pain
             ... invoked by Jessica
              (6 damage)
             ... on level 2 of the Dungeon.
             The game lasted 00:00:19 (1017 turns).

qw the Shooter (Naga Hunter)                        Turns: 1017, Time: 00:00:20

Health: -3/32      AC:  2    Str: 13    XL:     3   Next: 97%
Magic:  3/3        EV:  9    Int:  9    God:
Gold:   88         SH:  0    Dex: 16    Spells: 2/2 levels left

rFire   . . .        Y - +0 shortbow
rCold   . . .        (shield currently unavailable)
rNeg    . . .        c - +0 leather armour
rPois   +            (no helmet)
rElec   .            (no cloak)
rCorr   .            (no gloves)
SInv    +            (no barding)
Will    .....        e - amulet of faith
Stlth   ++           (no ring)
HPRegen 0.25/turn    (no ring)
MPRegen 0.08/turn

%: faith
@: short of breath, very slow
A: AC +1, large, see invisible, deformed body, poison resistance, slowness 2,
spit poison 1, naga tail 1
a: Spit Poison


You were on level 2 of the Dungeon.
You visited 1 branch of the dungeon, and saw 2 of its levels.

You collected 88 gold pieces.


Innate Abilities, Weirdness & Mutations

Your serpentine skin is tough. (AC +1)
You have supernaturally acute eyesight. (SInv)
Armour fits poorly on your strangely shaped body.
Your system is resistant to poisons. (rPois)
You cover ground very slowly.
You can spit poison.
You have a snake-like lower body.


   Skills:
 + Level 2.0 Fighting
 - Level 5.0 Ranged Weapons
 - Level 1.5 Dodging
 - Level 1.5 Stealth


You had 2 spell levels left.
You didn't know any spells.
Your spell library was empty.

Inventory:

Hand Weapons
 Y - a +0 shortbow (weapon)
Armour
 c - a +0 leather armour (worn)
Jewellery
 e - an amulet of faith (around neck)
Scrolls
 a - a scroll of identify
 b - a scroll of amnesia {unknown}

Dungeon Overview and Level Annotations

Branches:
Dungeon (2/15)

Altars:

Annotations:
D:2 Jessica


Message History

The adder is moderately wounded.
The adder hisses angrily.
The goblin unwields a +0 club.
The goblin wields a +0 sling.
The goblin shoots a sling bullet.
The sling bullet misses you.
You hear a shout!
You shoot an arrow. The arrow hits the adder.
The adder is severely wounded.
The goblin shoots a sling bullet.
The sling bullet barely misses you.
You shoot an arrow. The arrow closely misses the adder.
You kill the adder!
Jessica gestures wildly while chanting.
Jessica seems to speed up.
The goblin shoots a sling bullet.
The sling bullet closely misses you.
You shoot an arrow.
The arrow hits Jessica but does no damage.
The goblin shoots a sling bullet.
The sling bullet hits you.
You shoot an arrow. The arrow completely misses Jessica.
You have got your breath back.
Jessica hits you with a +0 club!
A hobgoblin comes into view.
1014 ||| INVOKING Spit Poison.
Aiming: Spit Poison (2% risk of failure)
Press: ? - help, Shift-Dir - straight line, f/p - Jessica The splash of poison misses Jessica.
Jessica barely misses you.
You shoot an arrow. The arrow hits Jessica.
Jessica is severely wounded.
Jessica hits you with a +0 club! Jessica hits you with a +0 club.
You shoot an arrow. The arrow closely misses Jessica.
The arrow barely misses the goblin.
The arrow hits the hobgoblin!
You kill the hobgoblin!
Jessica closely misses you. Jessica hits you with a +0 club!
Your Ranged Weapons skill increases to level 5!
You shoot an arrow. The arrow barely misses Jessica.
The arrow hits the goblin.
You kill the goblin!
Jessica casts a spell at you. Pain shoots through your body!
Jessica casts a spell at you. Pain shoots through your body!
You die...

.................%....
.####...#####.#######.
#...# #.# +...# #.#
#...# #+### #...# ....
#...# .....
#...###......
+....@@)..%..
#............
####.###..... #.# ....
#.# ... #.# .. #.# .
...


You could see Jessica (fast).

Vanquished Creatures
  2 adders (D:2)
  2 dart slugs
  3 endoplasms
  4 giant cockroaches (D:1)
  2 goblins
  3 hobgoblins
  2 jackals (D:1)
  3 quokkas (D:1)
  3 ball pythons (D:1)
  A frilled lizard (D:1)
  5 kobolds
  A rat (D:2)
31 creatures vanquished.

Notes
Turn   | Place    | Note
-------+----------+-------------------------------------------
     0 | D:1      | qw the Naga Hunter began the quest for the Orb.
     0 | D:1      | Reached XP level 1. HP: 19/19 MP: 1/1
     0 | D:1      | 0 ||| qw: Version: 0.2-a-29-g511e9b1
     0 | D:1      | 0 ||| qw: Game counter: 5444
     0 | D:1      | 0 ||| qw: Always use a shield: true
     0 | D:1      | 0 ||| qw: God list: Okawaru
     0 | D:1      | 0 ||| qw: Allow faded altars: false
     0 | D:1      | 0 ||| qw: Do Orc after D:15 true
     0 | D:1      | 0 ||| qw: Do second Lair branch before Depths: true
     0 | D:1      | 0 ||| qw: Lair rune preference: random
     0 | D:1      | 0 ||| qw: Plans: Normal
     0 | D:1      | 0 ||| PLANNING D:1-11
    28 | D:1      | 28 ||| INVOKING Spit Poison.
    48 | D:1      | 48 ||| INVOKING Spit Poison.
    55 | D:1      | 55 ||| INVOKING Spit Poison.
    59 | D:1      | 59 ||| INVOKING Spit Poison.
   149 | D:1      | 149 ||| INVOKING Spit Poison.
   154 | D:1      | 154 ||| INVOKING Spit Poison.
   155 | D:1      | Reached skill level 4 in Ranged Weapons
   155 | D:1      | Reached XP level 2. HP: 26/26 MP: 2/2
   201 | D:1      | 201 ||| INVOKING Spit Poison.
   297 | D:1      | 297 ||| INVOKING Spit Poison.
   302 | D:1      | 302 ||| INVOKING Spit Poison.
   341 | D:1      | 341 ||| INVOKING Spit Poison.
   352 | D:1      | 352 ||| INVOKING Spit Poison.
   442 | D:1      | 442 ||| INVOKING Spit Poison.
   452 | D:1      | 452 ||| INVOKING Spit Poison.
   493 | D:1      | 493 ||| INVOKING Spit Poison.
   509 | D:1      | Reached XP level 3. HP: 32/32 MP: 3/3
   528 | D:1      | 528 ||| INVOKING Spit Poison.
   591 | D:1      | 591 ||| INVOKING Spit Poison.
   699 | D:1      | 699 ||| UPGRADING to amulet of faith.
   704 | D:1      | 704 ||| READING scroll labelled FEACIU CUUTWOS.
   705 | D:1      | 705 ||| READING scroll labelled NESAIC EXIKYI.
   706 | D:1      | 706 ||| DROPPING scroll of butterflies.
   756 | D:2      | 756 ||| INVOKING Spit Poison.
   760 | D:2      | 760 ||| INVOKING Spit Poison.
   766 | D:2      | 766 ||| INVOKING Spit Poison.
   921 | D:2      | 921 ||| INVOKING Spit Poison.
   986 | D:2      | 986 ||| INVOKING Spit Poison.
  1008 | D:2      | Noticed Jessica
  1009 | D:2      | 1009 ||| INVOKING Spit Poison.
  1014 | D:2      | 1014 ||| INVOKING Spit Poison.
  1016 | D:2      | HP: 8/32 [Jessica/+0 club (7)]
  1017 | D:2      | Reached skill level 5 in Ranged Weapons
  1017 | D:2      | HP: 3/32 [Jessica/nerve-wracking pain (5)]
  1017 | D:2      | Killed from afar by Jessica

Levels and vault maps discovered:
D:1:      minmay_arrival_three_doors, layout_loops_ring
D:2:      layout_basic, uniq_jessica

Skill      XL: |  1  2  3 |
---------------+----------+-----
Ranged Weapons | 4 5 |  5.0
Fighting       | |  2.0
Dodging        | |  1.5
Stealth        | |  1.5

Action                     || total
---------------------------++-------
   Fire: Shortbow          ||    49
Ability: Spit Poison       ||    23
    Use: Scroll            ||     2
 Armour: Leather armour    ||     1
  Dodge: Dodged            ||    11

Table legend:
 A = Non-vault XP
 B = Vault XP
 C = Vault XP percentage of total XP
 D = Non-vault monster count
 E = Vault monster count
 F = Vault count percentage of total count
                 A         B        C        D         E       F
            +---------+---------+-------+---------+---------+-------
      Total |      83 |       0 |   0.0 |      31 |       0 |   0.0
            +---------+---------+-------+---------+---------+-------
        D:1 |      40 |       0 |   0.0 |      21 |       0 |   0.0
        D:2 |      43 |       0 |   0.0 |      10 |       0 |   0.0
            +---------+---------+-------+---------+---------+-------
